 Dungeon Sprint DCSS version 0.17-a0-1753-g75d4604 (webtiles) character file.

20701 Kidiri the Unseen (level 12, -9/51 HPs)
             Began as a Spriggan Enchanter on Sept 2, 2015.
             Was the Champion of Dithmenos.
             Mangled by an electric golem (20 damage)
             ... in the Dungeon (Sprint II: "The Violet Keep of Menkaure").
             The game lasted 00:25:23 (3217 turns).

Kidiri the Unseen (Spriggan Enchanter)              Turns: 3217, Time: 00:25:23

Health: -9/51      AC:  4    Str:  4    XL:     12   Next: 47%
Magic:  12/32      EV: 34    Int: 19    God:    Dithmenos [******]
Gold:   1357       SH:  0    Dex: 19    Spells: 10 memorised, 6 levels left

rFire  . . .     SeeInvis +     l - +3 dagger (distort)
rCold  . . .     Clarity  .     b - +1 robe
rNeg   + . .     SustAt   .     (shield restricted)
rPois  +         Gourm    .     (helmet restricted)
rElec  .         Spirit   .     c - +0 cloak
rCorr  .         Warding  +     (gloves unavailable)
rMut   .         NoTele   +     (boots unavailable)
MR     ++...                    r - amulet of warding
Stlth  ++++++++++               v - ring of flight
                                a - ring of poison resistance

@: very slightly contaminated, wreathed by umbra, invisible, very quick, very
resistant to hostile enchantments, uncannily stealthy
A: unfitting armour, see invisible, herbivore 3, speed 3, slow metabolism 2,
spit poison 1
a: Spit Poison, Shadow Step, Shadow Form, Renounce Religion, Evoke Flight


You were in the Dungeon.
You worshipped Dithmenos.
Dithmenos was exalted by your worship.
You were hungry.

You visited 1 branch You collected 2868 gold pieces.
You spent 1511 gold pieces at shops.

Inventory:

Hand weapons
 l - a +3 dagger of distortion (weapon)
 B - the +3 rapier of the Countless Souls {freeze, rElec rPois MP+9 Dex-5}
   (You found it in the Dungeon)

   It has been specially enchanted to freeze those struck by it, causing extra
   injury to most foes and up to half again as much damage against particularly
   susceptible opponents.
   It can also slow down cold-blooded creatures.
   It affects your dexterity (-5).
   It insulates you from electricity.
   It protects you from poison.
   It affects your magic capacity (+9).
Missiles
 x - a throwing net (quivered)
Armour
 b - a +1 robe (worn)
 c - a +0 cloak (worn)
Jewellery
 a - a ring of poison resistance (left hand)
 r - an amulet of warding (around neck)
 v - a ring of flight (right hand)
Scrolls
 e - a scroll of magic mapping
 j - 2 scrolls of blinking
 n - a scroll of amnesia {unknown}
 t - a scroll of recharging
 w - a scroll of identify
 y - a scroll of remove curse
Potions
 f - a potion of invisibility
 g - 2 potions of haste
 h - 14 potions of magic
 i - a potion of ambrosia
 k - 5 potions of flight
 m - 2 potions of agility
 o - a potion of might
 p - 4 potions of curing
 s - 5 potions of cure mutation {unknown}
 u - 3 potions of resistance {unknown}
 A - a potion of heal wounds
Comestibles
 d - a bread ration
 q - 4 fruits
 z - a royal jelly


   Skills:
 + Level 10.8 Short Blades
 * Level 18.1 Dodging
 * Level 19.8 Stealth
 * Level 15.7 Spellcasting
 + Level 7.1 Conjurations
 + Level 12.0 Hexes
 + Level 9.8 Translocations
 + Level 10.4 Transmutations
 + Level 7.9 Ice Magic
 + Level 7.3 Earth Magic
 - Level 4.3 Invocations


You had 6 spell levels left.
You knew the following spells:

 Your Spells              Type           Power        Failure   Level  Hunger
a - Corona                Hex            ######.      1%          1    None
b - Ensorcelled Hibernat  Hex/Ice        ######       1%          2    None
c - Confuse               Hex            ######..     1%          3    None
d - Tukima's Dance        Hex            ######..     1%          3    None
e - Dazzling Spray        Conj/Hex       ######..     1%          3    None
f - Passwall              Trmt/Erth      #####.....   1%          3    None
g - Passage of Golubria   Tloc           N/A          1%          4    None
h - Lee's Rapid Deconstr  Erth           #####.....   8%          5    ###....
i - Darkness              Hex            ######....   6%          6    #####..
j - Invisibility          Hex            ######..     6%          6    #####..


Dungeon Overview and Level Annotations

Branches:
Dungeon (1/1)

Altars:
Cheibriados
Dithmenos
Elyvilon
Fedhas
Gozag
Kikubaaqudgha
Makhleb
Nemelex Xobeh
Okawaru
Qazlal
Ru
Sif Muna
Trog
Vehumet
Xom
Yredelemnul
Zin
The Shining One
Beogh
Jiyva
Lugonu

Shops:
D :}[[!%??[[:(!==[

Annotations:
D exclusion: oklob plant, Kirke, Roxanne


Innate Abilities, Weirdness & Mutations

You are tiny and cannot use many weapons and most armour.
You have supernaturally acute eyesight.
You are a herbivore.
You cover ground extremely quickly.
You need consume almost no food.
You can spit weak poison.


Message History

The blast of rock fragments hits the iron golem.
The iron golem is moderately damaged.
The electric golem hurls lightning at you.
The bolt of lightning misses you.
The bolt of lightning hits the iron golem.
The iron golem completely resists.
Unknown command.
Drink which item? (? for menu, Esc to quit)
Okay, then.
Unknown command.
Casting: Lee's Rapid Deconstruction
Confirm with . or Enter, or press ? or * to list all spells.
Aiming: Invisibility
Press: ? - help, Shift-Dir - straight line, f - you You fade into invisibility!
You are very lightly contaminated with residual magic.
The electric golem misses you. The electric golem hits you.
* * * LOW HITPOINT WARNING * * *
The electric golem shocks you!!
You die...

###### ********** #)..|#
***************
∩∩∩∩+,+,,###|).§##▓,,,,,+,,,+,,**
*****,***#%.)..8§§▓,,,,,*,,,*,**,
,****+####..(.§§@§▓,,,,,*,▓▓▓,**,
**§≈§≈≈≈§##⌠.%.§#8▓**,,,*,..▓,**,
*≈≈≈≈≈§≈≈≈##%...#.§▓▓▓+▓▓▓▓.▓,*,,
≈≈≈§§;§§§≈≈##''##.§E+..§▓0..▓,,,,
#≈≈;§§;;§≈##≈...###E#§§§▓▓▓▓▓▓▓▓▓
##≈≈§;;;≈*#)§..^..#.#§§.▓≈≈≈≈≈≈§≈
≈#+++#+++#####....#.##)§▓▓▓▓▓▓▓▓▓
≈...%.....#..+....#..#))▓.[).([.?
≈≈.##+##..#%.####.#..#||▓...[[%..


You could see an iron golem and an electric golem.

Vanquished Creatures
  A hellephant (D)
  A deep elf blademaster (D)
  A deep elf master archer (D)
  A kraken (D)
  A draconian shifter (D)
  A crystal guardian (D)
  An ice dragon (D)
  A great orb of eyes (D)
  A death yak (D)
  Sonja (D)
  2 deep trolls (D)
  2 death drakes (D)
  A giant orange brain (D)
  A harpy (D)
  A toenail golem (D)
  An eye of devastation (D)
  A yaktaur (D)
  5 polar bears (D)
  3 slime creatures (D)
  A blink frog (D)
  A boulder beetle (D)
  2 wyverns (D)
  2 redbacks (D)
  5 hippogriffs (D)
  5 flying skulls (D)
  Menkaure (D)
  2 swamp drakes (D)
  A wasp (D)
  4 crocodiles (D)
  An earth elemental (D)
  4 worker ants (D)
  A spectral adder (D)
  3 worms (D)
  A spectral bat (D)
61 creatures vanquished.

Vanquished Creatures (others)
  A boulder beetle (D)
  A crocodile (D)
  12 tentacles (D)
14 creatures vanquished.

Grand Total: 75 creatures vanquished

Notes
Turn   | Place    | Note
--------------------------------------------------------------
     0 | D        | Kidiri the Spriggan Enchanter began the quest for the Orb.
     0 | D        | Reached XP level 1. HP: 9/9 MP: 5/5
     1 | D        | Noticed a worker ant
     1 | D        | Noticed a worker ant
     4 | D        | Noticed a boulder beetle
     4 | D        | Noticed a boulder beetle
     7 | D        | Noticed a hippogriff
     7 | D        | Noticed a hippogriff
    22 | D        | Killed a worker ant
    22 | D        | Reached skill level 5 in Dodging
    22 | D        | Reached skill level 6 in Stealth
    22 | D        | Reached XP level 2. HP: 13/13 MP: 6/8
    35 | D        | Killed a worker ant
    35 | D        | Reached skill level 7 in Stealth
    35 | D        | Reached skill level 5 in Spellcasting
    35 | D        | Reached XP level 3. HP: 16/16 MP: 7/10
    39 | D        | Learned a level 2 spell: Ensorcelled Hibernation
    43 | D        | Learned a level 3 spell: Confuse
    47 | D        | Learned a level 3 spell: Tukima's Dance
    51 | D        | Learned a level 3 spell: Dazzling Spray
    51 | D        | Noticed a worker ant
    51 | D        | Noticed a worker ant
   166 | D        | Killed a worker ant
   166 | D        | Reached XP level 4. HP: 21/21 MP: 10/12
   169 | D        | Killed a worker ant
   169 | D        | Reached skill level 8 in Stealth
   169 | D        | Reached skill level 5 in Hexes
   169 | D        | Reached skill level 1 in Ice Magic
   188 | D        | Reached skill level 1 in Conjurations
   307 | D        | Killed a hippogriff
   307 | D        | Reached skill level 9 in Stealth
   307 | D        | Reached XP level 5. HP: 13/24 MP: 6/15
   309 | D        | Killed a hippogriff
   309 | D        | Reached skill level 5 in Short Blades
   309 | D        | Reached skill level 10 in Stealth
   309 | D        | Reached XP level 6. HP: 15/28 MP: 4/18
   767 | D        | Killed a boulder beetle
   767 | D        | Reached skill level 10 in Dodging
   767 | D        | Reached skill level 11 in Stealth
   767 | D        | Reached XP level 7. HP: 32/32 MP: 15/20
   807 | D        | Killed a boulder beetle
   807 | D        | Reached skill level 12 in Stealth
   978 | D        | Noticed an electric eel
   978 | D        | Noticed an electric eel
   978 | D        | Noticed an electric eel
   979 | D        | Noticed an electric eel
   979 | D        | Noticed an electric eel
   980 | D        | Noticed an electric eel
   980 | D        | Noticed an electric eel
   980 | D        | Noticed a crocodile
   981 | D        | Found Zyihovesk's Antique Armour Shoppe.
   981 | D        | Noticed Kirke
   981 | D        | Noticed a kobold demonologist
   981 | D        | Noticed a skeletal warrior
   989 | D        | Killed a crocodile
  1155 | D        | Noticed Roxanne
  1160 | D        | Found Talair's Jewellery Emporium.
  1161 | D        | Found Lipapsik's Distillery.
  1162 | D        | Found Ceofawk's Antique Armour Shoppe.
  1162 | D        | Found Ozihub's Armour Emporium.
  1162 | D        | Found Duveinorch's Magic Scroll Shoppe.
  1163 | D        | Noticed a blink frog
  1165 | D        | Killed a blink frog
  1165 | D        | Reached skill level 10 in Spellcasting
  1165 | D        | Reached XP level 8. HP: 36/36 MP: 23/23
  1169 | D        | Found Obywnuv's Food Emporium.
  1169 | D        | Found Vayneaq's Distillery.
  1171 | D        | Found Uclaasu's Antique Weapon Shoppe.
  1171 | D        | Found Xuoje's Armour Emporium.
  1172 | D        | Found Ryecano's Antique Armour Shoppe.
  1172 | D        | Found Wigh's Gadget Emporium.
  1172 | D        | Found Paoprur's Jewellery Shoppe.
  1172 | D        | Found Zarphir's Magic Scroll Emporium.
  1173 | D        | Found Xuasin's Book Emporium.
  1188 | D        | Noticed a kraken
  1204 | D        | Noticed a hell hog
  1205 | D        | Noticed a hell hog
  1205 | D        | Noticed an oklob plant
  1206 | D        | Found Esaclob's Book Shoppe.
  1209 | D        | Noticed a shining eye
  1209 | D        | Noticed a shining eye
  1209 | D        | Noticed a shining eye
  1211 | D        | Noticed a black bear
  1211 | D        | Noticed a black bear
  1230 | D        | Bought a book of Burglary for 900 gold pieces
  1234 | D        | Learned a level 3 spell: Passwall
  1275 | D        | Noticed an electric eel
  1284 | D        | Noticed a crocodile
  1291 | D        | Killed a crocodile
  1308 | D        | Killed a kraken
  1308 | D        | Reached skill level 13 in Dodging
  1308 | D        | Reached skill level 14 in Stealth
  1308 | D        | Reached skill level 5 in Ice Magic
  1308 | D        | Reached XP level 9. HP: 33/39 MP: 21/25
  1355 | D        | Learned a level 4 spell: Passage of Golubria
  1361 | D        | Learned a level 5 spell: Lee's Rapid Deconstruction
  1368 | D        | Learned a level 6 spell: Darkness
  1374 | D        | Found a glowing golden altar of the Shining One.
  1375 | D        | Found a radiant altar of Vehumet.
  1375 | D        | Found a shadowy altar of Dithmenos.
  1375 | D        | Found a corrupted altar of Lugonu.
  1376 | D        | Found a white marble altar of Elyvilon.
  1376 | D        | Found a deep blue altar of Sif Muna.
  1376 | D        | Found a bloodstained altar of Trog.
  1377 | D        | Found a stormy altar of Qazlal.
  1377 | D        | Found a sparkling altar of Nemelex Xobeh.
  1377 | D        | Found a blossoming altar of Fedhas.
  1378 | D        | Found a shimmering altar of Xom.
  1378 | D        | Found a viscous altar of Jiyva.
  1378 | D        | Noticed a swamp drake
  1379 | D        | Found a basalt altar of Yredelemnul.
  1379 | D        | Found a roughly hewn altar of Beogh.
  1379 | D        | Found a sacrificial altar of Ru.
  1380 | D        | Noticed a yaktaur
  1380 | D        | Noticed a wasp
  1380 | D        | Noticed a polar bear
  1382 | D        | Noticed a polar bear
  1383 | D        | Killed a polar bear
  1383 | D        | Reached skill level 1 in Translocations
  1383 | D        | Reached skill level 5 in Transmutations
  1385 | D        | Noticed a polar bear
  1388 | D        | Killed a polar bear
  1390 | D        | Killed a wasp
  1390 | D        | Reached skill level 15 in Stealth
  1392 | D        | Killed a yaktaur
  1406 | D        | Killed a polar bear
  1524 | D        | Found a burning altar of Makhleb.
  1526 | D        | Found a snail-covered altar of Cheibriados.
  1526 | D        | Found an iron altar of Okawaru.
  1526 | D        | Found an opulent altar of Gozag.
  1527 | D        | Found a glowing silver altar of Zin.
  1527 | D        | Found an ancient bone altar of Kikubaaqudgha.
  1535 | D        | Became a worshipper of Dithmenos the Shadowed
  1550 | D        | Noticed a crocodile
  1551 | D        | Noticed Menkaure
  1683 | D        | Killed Menkaure
  1852 | D        | Noticed a crocodile
  1894 | D        | Bought a scroll of identify for 22 gold pieces
  1894 | D        | Bought a scroll of remove curse for 33 gold pieces
  1894 | D        | Bought a scroll of identify for 22 gold pieces
  1899 | D        | Bought a scroll of identify for 28 gold pieces
  1899 | D        | Bought a scroll of identify for 28 gold pieces
  1899 | D        | Bought a scroll of identify for 28 gold pieces
  1903 | D        | Gained mutation: You can spit weak poison. [potion of beneficial mutation]
  1963 | D        | Killed a crocodile
  1966 | D        | Killed a crocodile
  1966 | D        | Reached skill level 1 in Invocations
  2000 | D        | Noticed a crocodile
  2007 | D        | Killed a crocodile
  2011 | D        | Noticed a flying skull
  2012 | D        | Noticed a flying skull
  2012 | D        | Noticed a flying skull
  2013 | D        | Noticed a flying skull
  2014 | D        | Noticed a flying skull
  2014 | D        | Noticed a flying skull
  2025 | D        | Noticed an orange crystal statue
  2047 | D        | Noticed a deep troll
  2048 | D        | Noticed a deep troll
  2076 | D        | Killed a deep troll
  2076 | D        | Reached skill level 5 in Conjurations
  2076 | D        | Reached XP level 10. HP: 44/44 MP: 24/27
  2103 | D        | Killed a deep troll
  2103 | D        | Acquired Dithmenos's first power
  2175 | D        | Noticed Sonja
  2175 | D        | Noticed a black draconian shifter
  2175 | D        | Noticed a hellephant
  2175 | D        | Noticed a giant orange brain
  2177 | D        | Killed a giant orange brain
  2177 | D        | Reached skill level 16 in Stealth
  2183 | D        | Killed a black draconian shifter
  2183 | D        | Reached skill level 15 in Dodging
  2183 | D        | Reached skill level 10 in Hexes
  2183 | D        | Reached skill level 5 in Translocations
  2185 | D        | Killed Sonja
  2185 | D        | Reached skill level 5 in Earth Magic
  2191 | D        | Killed a hellephant
  2191 | D        | Acquired Dithmenos's second power
  2191 | D        | Reached skill level 17 in Stealth
  2191 | D        | Reached XP level 11. HP: 45/47 MP: 29/29
  2233 | D        | Learned a level 6 spell: Invisibility
  2253 | D        | Killed a flying skull
  2254 | D        | Noticed an eye of devastation
  2261 | D        | Killed an eye of devastation
  2262 | D        | Noticed a harpy
  2263 | D        | Noticed a deep elf blademaster
  2265 | D        | Killed a harpy
  2267 | D        | Killed a deep elf blademaster
  2267 | D        | Acquired Dithmenos's third power
  2267 | D        | Reached skill level 18 in Stealth
  2271 | D        | Killed a flying skull
  2288 | D        | Killed a flying skull
  2291 | D        | Killed a flying skull
  2430 | D        | Killed a flying skull
  2451 | D        | Noticed a flying skull
  2451 | D        | Noticed a flying skull
  2451 | D        | Noticed a flying skull
  2451 | D        | Noticed a flying skull
  2451 | D        | Noticed a flying skull
  2451 | D        | Noticed a flying skull
  2452 | D        | Noticed a flying skull
  2571 | D        | Bought an uncursed ring of poison resistance for 240 gold pieces
  2571 | D        | Bought an uncursed ring of flight for 210 gold pieces
  2650 | D        | Noticed a death drake
  2656 | D        | Killed a swamp drake
  2657 | D        | Noticed a death drake
  2657 | D        | Noticed a crystal guardian
  2657 | D        | Noticed a swamp drake
  2659 | D        | Killed a crystal guardian
  2659 | D        | Acquired Dithmenos's fourth power
  2659 | D        | Reached skill level 10 in Short Blades
  2660 | D        | Killed a death drake
  2662 | D        | Killed a death drake
  2663 | D        | Killed a swamp drake
  2673 | D        | Noticed a redback
  2673 | D        | Noticed a redback
  2677 | D        | Killed a redback
  2679 | D        | Killed a redback
  2698 | D        | Noticed a hippogriff
  2699 | D        | Noticed a hippogriff
  2699 | D        | Noticed a hippogriff
  2700 | D        | Killed a hippogriff
  2701 | D        | Killed a hippogriff
  2703 | D        | Killed a hippogriff
  2703 | D        | Reached XP level 12. HP: 51/51 MP: 31/31
  2713 | D        | Noticed a deep elf master archer
  2716 | D        | Noticed a polar bear
  2716 | D        | Noticed a polar bear
  2718 | D        | Killed a polar bear
  2718 | D        | Reached skill level 15 in Spellcasting
  2720 | D        | Killed a polar bear
  2735 | D        | Killed a deep elf master archer
  2735 | D        | Reached skill level 19 in Stealth
  2969 | D        | Noticed a death yak
  2969 | D        | Noticed an ice dragon
  2969 | D        | Noticed a slime creature
  2969 | D        | Noticed a slime creature
  2969 | D        | Noticed a slime creature
  2969 | D        | Noticed a wyvern
  2969 | D        | Noticed a wyvern
  2969 | D        | Noticed a great orb of eyes
  2971 | D        | Killed a great orb of eyes
  2971 | D        | Reached skill level 10 in Transmutations
  2973 | D        | Killed a wyvern
  2974 | D        | Killed a wyvern
  2987 | D        | Killed a death yak
  2989 | D        | Killed an ice dragon
  2994 | D        | Killed a slime creature
  2995 | D        | Killed a slime creature
  2997 | D        | Killed a slime creature
  3039 | D        | Got a faintly glowing rapier
  3040 | D        | Identified the +3 rapier of the Countless Souls {freeze, rElec rPois MP+9 Dex-5} (You found it in the Dungeon)
  3209 | D        | Noticed an electric golem
  3209 | D        | Noticed an iron golem
  3209 | D        | Noticed a toenail golem
  3209 | D        | Noticed an earth elemental
  3209 | D        | Noticed an earth elemental
  3216 | D        | Killed an earth elemental
  3216 | D        | Killed a toenail golem
  3217 | D        | Mangled by an electric golem

Vault maps used:
D:        the_violet_keep_of_menkaure

Action                   |  1- 3 |  4- 6 |  7- 9 | 10-12 || total
-------------------------+-------+-------+-------+-------++-------
Melee: Dagger            |    18 |    14 |    48 |    49 ||   129
 Cast: Ensorcelled Hiber |       |    10 |    10 |     4 ||    24
       Dazzling Spray    |       |     3 |    20 |     3 ||    26
       Passwall          |       |       |     1 |       ||     1
       Confuse           |       |       |     3 |       ||     3
       Invisibility      |       |       |       |     2 ||     2
       Lee's Rapid Decon |       |       |       |     3 ||     3
Invok: Shadow Step       |       |       |       |     2 ||     2
 Abil: Evoke Flight      |       |       |       |     1 ||     1
  Use: Potion            |     2 |       |     3 |     3 ||     8
       Scroll            |       |       |    11 |     5 ||    16
 Stab: Sleeping          |     1 |     7 |     9 |    29 ||    46
       Invisible         |       |     1 |     8 |     7 ||    16
       Confused          |       |       |     2 |       ||     2
       Distracted        |       |       |       |     1 ||     1
  Eat: Pizza             |       |       |       |     1 ||     1
